 Seeded DCSS version 0.30-a0-972-gf3ab3527aa (webtiles) character file.

Game seed: 20230327 (custom seed)

306579 GigaChad the Slayer (level 20, -29/202 HPs)
             Began as a Minotaur Fighter on Mar 31, 2023.
             Was an Initiate of Gozag.
             Killed from afar by a storm dragon (37 damage)
             ... with a bolt of lightning
             ... on level 5 of the Vaults.
             The game lasted 01:35:52 (40164 turns).

GigaChad the Slayer (Minotaur Fighter)             Turns: 40164, Time: 01:35:52

Health: -29/202    AC: 33    Str: 30    XL:     20   Next: 31%
Magic:  19/19      EV:  9    Int:  4    God:    Gozag
Gold:   8473       SH: 26    Dex: 19    Spells: 19/19 levels left

rFire   . . .      SeeInvis .    a - +6 war axe (protect)
rCold   . . .      Faith    .    Y - +3 tower shield {rPois}
rNeg    . . .      Spirit   .    v - +18 Lear's hauberk
rPois   +          Reflect  .    (helmet currently unavailable)
rElec   .          Rampage  .    b - +0 cloak "Bowkil" {Int+2 Dex+3}
rCorr   .          Rage     50%  (gloves currently unavailable)
Will    +++..                    (boots currently unavailable) Stlth
                                 D - necklace of Bloodlust {Fury *Rage Will++ Int-3 Slay+6}
HPRegen 0.53/turn                N - ring of poison resistance
MPRegen 0.16/turn                J - +6 ring of dexterity

@: about to teleport, gold aura, on berserk cooldown, slowed, very slow
A: horns 2, retaliatory headbutt
}: 2/15 runes: serpentine, barnacled
a: Renounce Religion, Potion Petition, Call Merchant, Bribe Branch


You were on level 5 of the Vaults.
You worshipped Gozag.
Gozag was greatly pleased with you.
You visited 7 branches of the dungeon, and saw 36 of its levels.
You also visited: Volcano.

You collected 17049 gold pieces.
You spent 2518 gold pieces at shops.
You paid 6058 gold pieces to Gozag.

Inventory:

Hand Weapons
 a - a +6 war axe of protection (weapon)
 l - a +1 antimagic eveningstar
 G - the +7 dagger of Rucziuse {vamp, rElec Int+3 Dex+5}
   (You found it on level 3 of the Vaults)

   Int:       It affects your intelligence (+3).
   Dex:       It affects your dexterity (+5).
   rElec:     It insulates you from electricity.
 O - a +1 heavy war axe
 Z - a +2 demon trident of flaming
Armour
 b - the +0 cloak "Bowkil" (worn) {Int+2 Dex+3}
   (You found it on level 1 of the Lair of Beasts)

   Int:       It affects your intelligence (+2).
   Dex:       It affects your dexterity (+3).
 v - the +18 Lear's hauberk (worn)
   (You found it on level 4 of the Dungeon)
 Y - a +3 tower shield of poison resistance (worn)
Jewellery
 D - the necklace of Bloodlust (around neck) {Fury *Rage Will++ Int-3 Slay+6}
   (You bought it in a shop on level 1 of the Dungeon)

   [amulet of nothing]

   Fury:      It extends the wearer's berserk rage when killing foes.
   Int:       It affects your intelligence (-3).
   Slay:      It affects your accuracy & damage with ranged weapons and melee
   (+6).
   *Rage:     It berserks you when you make melee attacks (+50% chance).
   Will:      It greatly increases your willpower.
 E - a ring of resist corrosion
 J - a +6 ring of dexterity (right hand)
 N - a ring of poison resistance (left hand)
 U - a ring of poison resistance
 X - a ring of protection from cold
Wands
 u - a wand of digging (11)
 y - a wand of flame (22) (quivered)
 C - a wand of paralysis (32)
 K - a wand of roots (27)
 Q - a wand of quicksilver (5)
 S - a wand of mindburst (20)
 W - a wand of polymorph (16)
Scrolls
 c - 4 scrolls of summoning
 k - 8 scrolls of immolation
 p - 9 scrolls of fog
 q - 9 scrolls of magic mapping
 r - 6 scrolls of poison
 x - 17 scrolls of teleportation
 A - 3 scrolls of fear
 T - 2 scrolls of noise
Potions
 d - 6 potions of might
 e - 18 potions of curing
 f - 4 potions of mutation
 g - a potion of invisibility
 i - 8 potions of degeneration
 m - 2 potions of flight
 n - 11 potions of brilliance
 o - 7 potions of lignification
 s - 3 potions of heal wounds
 t - 7 potions of berserk rage
 w - 3 potions of ambrosia
 z - 6 potions of attraction
 B - a potion of resistance
 I - 5 potions of haste
 L - 2 potions of cancellation
Miscellaneous
 h - a box of beasts
 j - a box of beasts
 F - a lightning rod (4/4)
 H - a piece from Xom's chessboard (15/15)
 M - a tin of tremorstones (2/2)
 P - a box of beasts
 R - a box of beasts
 V - a lightning rod (4/4)


   Skills:
 * Level 22.9 Fighting
 * Level 21.4 Axes
 * Level 16.2 Armour
 - Level 2.3 Dodging
 - Level 1.2 Stealth
 + Level 20.4 Shields
 * Level 14.0 Evocations


You had 19 spell levels left.
You didn't know any spells.
Your spell library contained the following spells:

 Spells                   Type           Power      Damage    Failure   Level
 Foxfire                  Conj/Fire      0%         2x1d2     98%         1
 Magic Dart               Conj           0%         1d3       98%         1
 Sting                    Tmut/Pois      0%         1d3       98%         1
 Ensorcelled Hibernation  Hex/Ice        0%         N/A       99%         2
 Lesser Beckoning         Tloc           0%         N/A       99%         2
 Passwall                 Tmut/Erth      0%         N/A       99%         2
 Poisonous Vapours        Pois/Air       0%         N/A       99%         2
 Searing Ray              Conj           0%         2d4       99%         2
 Static Discharge         Conj/Air       0%         2-2/arc   99%         2
 Gell's Gravitas          Tloc           0%         N/A       100%        3
 Ignite Poison            Fire/Tmut/Pois 0%         N/A       100%        3
 Kindle Blastsparks       Fire/Tloc/Air  0%         2d10      100%        3
 Portal Projectile        Hex/Tloc       0%         N/A       100%        3
 Spider Form              Tmut/Pois      0%         N/A       100%        3
 Stone Arrow              Conj/Erth      0%         3d7       100%        3
 Tukima's Dance           Hex            0%         N/A       100%        3
 Vhi's Electric Charge    Tloc/Air       0%         N/A       100%        3
 Anguish                  Hex/Necr       0%         N/A       100%        4
 Animate Armour           Summ/Erth      0%         N/A       100%        4
 Fulminant Prism          Conj/Hex       0%         3d5       100%        4
 Iskenderun's Mystic Bla  Conj/Tloc      0%         2d3       100%        4
 Manifold Assault         Tloc           0%         N/A       100%        4
 Olgreb's Toxic Radiance  Pois           0%         N/A       100%        4
 Sticky Flame             Conj/Fire      0%         2d3       100%        4
 Arcjolt                  Conj/Air       0%         1d10      100%        5
 Blade Hands              Tmut           0%         N/A       100%        5
 Borgnjor's Vile Clutch   Necr/Erth      0%         N/A       100%        5
 Fireball                 Conj/Fire      0%         3d3       100%        5
 Freezing Cloud           Conj/Ice/Air   0%         6-21      100%        5
 Lee's Rapid Deconstruct  Erth           0%         3d4*      100%        5
 Plasma Beam              Fire/Air       0%         2x1d7     100%        5
 Death Channel            Necr           0%         N/A       100%        6
 Dispersal                Tloc           0%         N/A       100%        6
 Starburst                Conj/Fire      0%         6d3       100%        6
 Borgnjor's Revivificati  Necr           0%         N/A       100%        8
 Disjunction              Tloc           0%         N/A       100%        8
 Ignition                 Fire           0%         3d3       100%        8
 Lehudib's Crystal Spear  Conj/Erth      0%         10d2      100%        8
 Necromutation            Tmut/Necr      0%         N/A       100%        8
 Chain Lightning          Conj/Air       0%         N/A       100%        9
 Death's Door             Necr           0%         N/A       100%        9
 Fire Storm               Conj/Fire      0%         5d1       100%        9
 Polar Vortex             Ice            0%         N/A       100%        9
 Shatter                  Erth           0%         3d5*      100%        9
 Animate Dead             Necr           Unusable   N/A       N/A         4
 Simulacrum               Ice/Necr       Unusable   N/A       N/A         6

Dungeon Overview and Level Annotations

Branches:
Dungeon (15/15)            Temple (1/1) D:5            Lair (5/5) D:11
 Shoals (4/4) Lair:2        Snake (4/4) Lair:3          Orc (2/2) D:9
    Elf (0/3) Orc:2        Vaults (5/5) D:13          Crypt (0/3) Vaults:3
 Depths (0/4) D:15        Volcano (visited)
  Slime: Lair:4-5

Altars:
Ashenzari
Cheibriados
Dithmenos
Elyvilon
Fedhas
Gozag
Hepliaklqana
Kikubaaqudgha
Makhleb
Okawaru
Qazlal
Ru
Sif Muna
Trog
Uskayaw
Vehumet
Xom
Yredelemnul
Zin
The Shining One
Jiyva

Shops:
D:1 *=:*=   D:11 :   Orc:2 [!(*[   Snake:4 *   Vaults:2 ?

Annotations:
D:7 3 runed translucent doors, MathMan16's ghost, novice GnCA
D:9 exclusion: statue
D:11 2 transporters, cforsyth's ghost, journeyman FoFi
Lair:1 exclusion: oklob plant
Lair:5 3 runed translucent doors, exclusions: obsidian statue and 3 oklob plants, voltaire321's ghost, journeyman MfIE
Snake:4 1 runed translucent door, FexLirch's ghost, adept MeEE
Orc:1 3 runed translucent doors, Rumaargh's ghost, journeyman NaFE


Innate Abilities, Weirdness & Mutations

You have a pair of horns on your head.
You reflexively headbutt those who attack you in melee.


Message History

* * * LOW HITPOINT WARNING * * *
You hear a shout!
You are too injured to fight recklessly!
Unknown command.
You are too injured to fight recklessly!
Unknown command.
You are too injured to fight recklessly!
Unknown command.
You are too injured to fight recklessly!
Unknown command.
You feel much better. You block the storm dragon's attack. x2
The storm dragon tramples you but does no damage.
A vault warden comes into view.
It is wielding a +2 war axe of electrocution.
The war gargoyle hits you but does no damage.
The ancient lich casts a spell.
The ancient lich seems to speed up.
The storm dragon bites you!
* * * LOW HITPOINT WARNING * * *
The storm dragon claws you but does no damage.
The storm dragon tramples you.
* * * LOW HITPOINT WARNING * * *
You stumble backwards!
A vault guard comes into view. It is wielding a +0 great sword.
A vault guard comes into view. It is wielding a +1 war axe of venom.
The vault warden moves out of view.
As you read the scroll of teleportation, it crumbles to dust.
You feel strangely unstable.
The vault guard shouts!
The wind drake exhales a fierce blast of wind!
The vault guard is knocked back by the gust of wind.
You are knocked back by the gust of wind.
The war gargoyle is knocked back by the gust of wind.
The war gargoyle slams into the heavily etched metal wall!
The war gargoyle is severely damaged.
The titan casts a spell at you. The bolt of lightning hits you!!
* * * LOW HITPOINT WARNING * * *
The storm dragon breathes lightning at you.
The bolt of lightning hits you!!!
You die...
Your body crumbles into a pile of gold.

#################
........$........
.................
####....L...######
........kDL.......
..p..#.$.9#$#.#.#.
..#. #..@.#.....
.. #...C#.#.##. $
# #....#...# $
#....#.# .
#..p.#.. #
#p...#.# #.p..#
#....# $


You could see a titan, 2 ancient liches, a storm dragon (catching breath), 3
vault guards, a wind drake shaped shifter (repels missiles, catching breath) and
a war gargoyle.

Vanquished Creatures
  Saint Roka (Snake:4)
  Jorgrun (Snake:2)
  An ancient champion (Vaults:3)
  3 krakens
  Donald (Vaults:4)
  7 nagarajas
  Louise (Snake:4)
  2 vault wardens
  An orc warlord (Orc:2)
  3 stone giants
  A war gargoyle (Vaults:1)
  7 very ugly things
  An ironbound thunderhulk (Vaults:1)
  9 ironbound preservers
  15 dire elephants
  Snorg (D:10)
  3 crystal guardians
  A merfolk javelineer (Shoals:4)
  Josephine (D:15)
  A yaktaur captain (Vaults:3)
  3 great orbs of eyes
  10 vault guards
  3 merfolk impalers
  A hydra (shapeshifter) (Vaults:4)
  7 hydras
  A rakshasa (D:14)
  2 peacekeepers
  Erolcha (D:10)
  7 ironbound frosthearts
  Erica (D:8)
  2 merfolk avatars
  9 two-headed ogres
  8 centaur warriors
  2 ogre magi
  5 boulder beetles
  2 satyrs
  3 merfolk aquamancers (Shoals:4)
  An alligator snapping turtle (Shoals:4)
  13 anacondas
  A death yak (Lair:5)
  7 shock serpents
  A vampire mage (Vaults:3)
  3 orc high priests (Orc:2)
  14 naga warriors
  24 naga sharpshooters
  Urug (D:10)
  A hell knight (Volcano)
  10 sea snakes
  A salamander mystic (Snake:3)
  6 skysharks
  A spectral anaconda (Lair:5)
  Lodul (D:10)
  25 deep trolls
  8 naga ritualists
  2 phantasmal warriors
  4 wizards
  Pikel (D:4)
  7 harpies
  6 ironbound convokers
  8 lindwurms
  3 deep elf pyromancers
  10 mana vipers
  5 orc knights (Orc:2)
  4 necromancers (Lair:5)
  6 orc sorcerers
  5 fauns
  12 ugly things
  8 cyclopes
  8 salamanders
  10 manticores
  24 elephants
  A dire elephant zombie (Lair:5)
  11 vault sentinels
  Maurice (Orc:1)
  6 guardian serpents
  14 naga magi
  48 black mambas
  5 merfolk sirens
  2 water nymphs
  A gargoyle (D:14)
  Maggie (D:10)
  3 rime drakes
  14 cane toads
  A dire elephant skeleton (Lair:5)
  2 efreet
  7 komodo dragons
  8 yaktaurs
  9 merfolk
  9 trolls
  5 wind drakes
  2 polar bears
  A tarantella (shapeshifter) (D:15)
  2 hornets
  A blink frog (shapeshifter) (D:15)
  15 blink frogs
  6 dream sheep
  2 spectral elephants (Lair:5)
  7 snapping turtles
  17 slime creatures
  Sigmund (D:5)
  2 centaur simulacra (D:14)
  A shadow (D:9)
  5 water elementals
  68 yaks
  8 wraiths
  6 wyverns
  Eustachio (D:4)
  A basilisk (Lair:5)
  A death yak simulacrum (Lair:5)
  4 vampire mosquitoes (D:11)
  A yaktaur simulacrum (Vaults:1)
  2 steam dragons
  4 wargs
  Menkaure (D:5)
  52 nagas
  An acid dragon (D:8)
  A spectral cane toad (Lair:5)
  Duvessa (D:4)
  20 water moccasins
  4 ice beasts
  32 orc warriors
  4 elephant zombies (Lair:5)
  9 centaurs
  An elephant skeleton (Lair:5)
  11 ogres
  7 wolves
  A phantom (D:5)
  2 kobold brigands
  Blork the orc (D:5)
  12 bullfrogs
  2 wyvern zombies (D:8)
  4 scorpions
  A cane toad simulacrum (Lair:5)
  13 wights (D:8)
  Dowan (D:4)
  11 killer bees
  10 electric eels
  A howler monkey (D:6)
  4 centaur zombies (D:8)
  A hound (D:5)
  5 jellies
  21 orc priests
  A gnoll bouda (D:9)
  2 iguanas
  A sleepcap (D:7)
  21 orc wizards
  Natasha (thrice) (D:4)
  5 killer bee zombies
  A mummy (D:4)
  3 howler monkey zombies
  7 adders
  4 gnolls (D:9)
  6 white imps
  3 ufetubi (D:14)
  A worm (D:2)
  2 dart slugs
  56 orcs
  4 ball pythons
  6 bats
  4 endoplasms
  5 giant cockroaches
  9 goblins
  6 hobgoblins
  2 jackals (D:2)
  2 quokkas
  3 frilled lizards
  13 kobolds
  4 rats
  9 tentacles
1092 creatures vanquished.

Vanquished Creatures (collateral kills)
  Bai Suzhen (Shoals:3)
  2 vault wardens
  2 ironbound thunderhulks (Vaults:4)
  A war gargoyle (Vaults:3)
  4 ironbound preservers
  A merfolk impaler (Shoals:3)
  2 yaktaur captains
  A great orb of eyes (Vaults:2)
  2 vault guards (Vaults:3)
  5 ironbound frosthearts
  A merfolk aquamancer (Shoals:4)
  2 boulder beetles (Vaults:2)
  A satyr (Shoals:2)
  5 centaur warriors
  9 deep trolls
  4 sea snakes
  7 ironbound convokers
  A wizard (Vaults:2)
  2 ugly things
  2 manticores (Shoals:4)
  A merfolk siren (Shoals:4)
  8 vault sentinels
  5 yaktaurs
  12 merfolk
  2 snapping turtles (Shoals:4)
  A slime creature (Vaults:4)
  2 water elementals (Shoals:4)
  A plant (Shoals:3)
87 creatures vanquished.

Vanquished Creatures (others)
  A vault warden (Vaults:2)
  2 ironbound preservers
  An ironbound thunderhulk (Vaults:4)
  2 merfolk javelineers (Shoals:2)
  A great orb of eyes (Vaults:2)
  2 yaktaur captains (Vaults:2)
  An ironbound frostheart (Vaults:4)
  A peacekeeper (Vaults:1)
  A vault guard (Vaults:2)
  A centaur warrior (Vaults:2)
  2 merfolk aquamancers (Shoals:4)
  11 deep trolls
  2 ironbound convokers
  2 wizards
  A cyclops (Shoals:1)
  2 manticores
  2 merfolk sirens
  3 yaktaurs (Vaults:2)
  3 merfolk
  A dream sheep (Shoals:3)
  5 slime creatures (Vaults:2)
  15 fungi
  95 plants
  9 tentacles
  35 withered plants
201 creatures vanquished.

Grand Total: 1380 creatures vanquished

Notes
Turn   | Place    | Note
-------+----------+-------------------------------------------
     0 | D:1      | GigaChad the Minotaur Fighter began the quest for the Orb.
     0 | D:1      | Reached XP level 1. HP: 19/19 MP: 0/0
     4 | D:1      | Found Xoclunid's Book Emporium.
    30 | D:1      | Found Aqium's General Store.
   133 | D:1      | Found Wostryiz's General Store.
   211 | D:1      | Reached XP level 2. HP: 27/27 MP: 1/1
   235 | D:1      | Found a faded altar of an unknown god.
   314 | D:1      | Found Muif's Jewellery Shop.
   558 | D:1      | Found Uvvotic's Jewellery Boutique.
   578 | D:1      | Reached XP level 3. HP: 27/33 MP: 2/2
   580 | D:1      | Reached skill level 4 in Fighting
   985 | D:2      | Found a white marble altar of Elyvilon.
  1788 | D:3      | Reached XP level 4. HP: 40/40 MP: 3/3
  2164 | D:4      | Found the +18 Lear's hauberk
  2202 | D:4      | Noticed Dowan
  2202 | D:4      | Noticed Duvessa
  2213 | D:4      | Killed Duvessa
  2214 | D:4      | Reached skill level 1 in Dodging
  2214 | D:4      | Reached XP level 5. HP: 27/47 MP: 4/4
  2218 | D:4      | Killed Dowan
  2219 | D:4      | Reached skill level 5 in Axes
  2536 | D:4      | Found a sand-covered staircase.
  2605 | D:4      | Noticed Natasha
  2612 | D:4      | Killed Natasha
  2613 | D:4      | Reached skill level 5 in Armour
  2613 | D:4      | Reached XP level 6. HP: 53/53 MP: 5/5
  2725 | D:4      | Noticed Natasha
  2731 | D:4      | Killed Natasha
  2820 | D:4      | Noticed Pikel
  2832 | D:4      | Killed Pikel
  2832 | D:4      | Noticed Natasha
  2833 | D:4      | Reached skill level 5 in Fighting
  2833 | D:4      | Reached XP level 7. HP: 40/61 MP: 6/6
  2840 | D:4      | Killed Natasha
  2931 | D:4      | Noticed a fire elemental
  2933 | D:4      | Found a stormy altar of Qazlal.
  2935 | D:4      | Noticed an air elemental
  2935 | D:4      | Noticed a water elemental
  3034 | D:4      | Noticed Eustachio
  3058 | D:4      | Killed Eustachio
  3059 | D:4      | Reached skill level 1 in Stealth
  3059 | D:4      | Reached XP level 8. HP: 70/70 MP: 7/7
  3125 | D:5      | Entered Level 5 of the Dungeon
  3149 | D:5      | Noticed Menkaure
  3151 | D:5      | Found a staircase to the Ecumenical Temple.
  3156 | D:5      | Killed Menkaure
  3170 | Temple   | Entered the Ecumenical Temple
  3236 | Temple   | Became a worshipper of Gozag Ym Sagoz the Greedy
  3363 | D:5      | Reached skill level 5 in Shields
  3410 | D:5      | Noticed Sigmund
  3420 | D:5      | Killed Sigmund
  3421 | D:5      | Reached skill level 6 in Fighting
  3455 | D:5      | Noticed Blork the orc
  3464 | D:5      | Killed Blork the orc
  3465 | D:5      | Reached skill level 10 in Axes
  3610 | D:5      | Found a shimmering altar of Xom.
  3610 | D:5      | Found a shimmering altar of Xom.
  3611 | D:5      | Found a shimmering altar of Xom.
  4034 | D:6      | Reached XP level 9. HP: 67/78 MP: 8/8
  4301 | D:6      | Identified the +0 flail "Jellybane" {holy, rElec rF+ Str-4
                  | Stlth+}
  4892 | D:7      | Found a runed translucent gate.
  4892 | D:7      | Found a runed translucent gate.
  4892 | D:7      | Found a runed translucent gate.
  4892 | D:7      | Noticed MathMan16's ghost (novice GnCA)
  4894 | D:7      | Found a basalt altar of Yredelemnul.
  5122 | D:1      | Bought the necklace of Bloodlust {Fury *Rage Will++ Int-3
                  | Slay+6} for 498 gold pieces
  5122 | D:1      | Found the necklace of Bloodlust {Fury *Rage Will++ Int-3
                  | Slay+6}
  5241 | D:6      | Identified the +5 flail of the Evening {spect, rF++}
  6020 | D:7      | Noticed a +0 dagger
  6021 | D:7      | Noticed a +0 dagger
  6030 | D:7      | Found a hide-covered altar of Uskayaw.
  6036 | D:7      | Reached skill level 7 in Fighting
  6309 | D:7      | Found a broken altar of Ashenzari.
  6596 | D:7      | Found a hazy altar of Hepliaklqana.
  6603 | D:7      | Found a glowing silver altar of Zin.
  6932 | D:8      | Reached XP level 10. HP: 88/88 MP: 9/9
  6936 | D:8      | Reached skill level 8 in Fighting
  7110 | D:8      | Found an iron altar of Okawaru.
  7405 | D:8      | Noticed a two-headed ogre
  7413 | D:8      | Killed a two-headed ogre
  7716 | D:8      | Reached skill level 9 in Fighting
  7911 | D:8      | Noticed Erica
  7917 | D:8      | Killed Erica
  7938 | D:9      | Noticed a two-headed ogre
  7945 | D:9      | Killed a two-headed ogre
  8016 | D:9      | Reached XP level 11. HP: 99/99 MP: 10/10
  8022 | D:9      | Reached skill level 10 in Fighting
  8398 | D:9      | Found a radiant altar of Vehumet.
  8507 | D:9      | You fall into a shaft and drop 1 floor!
  8507 | D:10     | Entered Level 10 of the Dungeon
  8517 | D:10     | Noticed Urug
  8526 | D:10     | Noticed a centaur warrior
  8541 | D:10     | Killed a centaur warrior
  8546 | D:10     | Killed Urug
  8890 | D:10     | Noticed a brown ugly thing
  8896 | D:10     | Killed a brown ugly thing
  8929 | D:10     | Identified the +0 robe of Cocytus {rPois rF++ Will+ Str-3}
  8947 | D:10     | Noticed Snorg
  8947 | D:10     | Noticed Lodul
  8959 | D:10     | Killed Snorg
  8960 | D:10     | Reached skill level 11 in Fighting
  8961 | D:10     | Killed Lodul
  8962 | D:10     | Reached skill level 15 in Axes
  9040 | D:10     | Noticed Maggie
  9048 | D:10     | Killed Maggie
  9156 | D:10     | Reached skill level 10 in Armour
  9196 | D:10     | Noticed Erolcha
  9226 | D:10     | Killed Erolcha
  9371 | D:9      | Found a staircase to the Orcish Mines.
  9707 | D:11     | Found a staircase to the Lair.
  9733 | D:11     | Reached skill level 12 in Fighting
  9740 | D:11     | Reached XP level 12. HP: 112/112 MP: 11/11
  9748 | D:11     | Noticed a brown very ugly thing
  9750 | D:11     | Noticed cforsyth's ghost (journeyman FoFi)
  9831 | D:11     | Found a transporter.
  9871 | D:11     | Found a transporter.
 10181 | D:11     | Found Kyak's Book Boutique.
 10622 | D:12     | Reached skill level 13 in Fighting
 11052 | D:13     | Noticed a centaur warrior
 11061 | D:13     | Killed a centaur warrior
 11062 | D:13     | Reached skill level 10 in Shields
 11074 | D:13     | Noticed a centaur warrior
 11075 | D:13     | Noticed a centaur warrior
 11085 | D:13     | Killed a centaur warrior
 11087 | D:13     | Killed a centaur warrior
 11293 | D:13     | Noticed a five-headed hydra
 11296 | D:13     | Noticed a centaur warrior
 11302 | D:13     | Killed an 11-headed hydra
 11304 | D:13     | Killed a centaur warrior
 11432 | D:13     | Noticed a centaur warrior
 11435 | D:13     | Noticed a vault guard
 11440 | D:13     | Killed a centaur warrior
 11443 | D:13     | Killed a vault guard
 11443 | D:13     | Noticed a vault guard
 11445 | D:13     | Found a gate to the Vaults.
 11445 | D:13     | Noticed a vault guard
 11445 | D:13     | Noticed a vault guard
 11445 | D:13     | Noticed a vault guard
 11445 | D:13     | Noticed a vault guard
 11445 | D:13     | Noticed a vault guard
 11445 | D:13     | Noticed a vault guard
 11459 | D:13     | Killed a vault guard
 11460 | D:13     | Killed a vault guard
 11461 | D:13     | Killed a vault guard
 11462 | D:13     | Reached skill level 14 in Fighting
 11462 | D:13     | Reached XP level 13. HP: 124/124 MP: 12/12
 11836 | D:13     | Identified a scroll of acquirement
 11836 | D:13     | Acquired 980 gold pieces
 12546 | D:14     | Found a frozen archway.
 13210 | D:14     | Reached skill level 15 in Fighting
 13583 | D:15     | Entered Level 15 of the Dungeon
 13687 | D:15     | Noticed Josephine
 13692 | D:15     | Killed Josephine
 13789 | D:15     | Identified the +0 robe "Addephae" {rF+}
 13805 | D:15     | Found a staircase to the Depths.
 13805 | D:15     | Noticed a stone giant
 13831 | D:15     | Killed a stone giant
 14752 | Orc:1    | Entered Level 1 of the Orcish Mines
 14752 | Orc:1    | Noticed Maurice
 14755 | Orc:1    | Reached skill level 16 in Fighting
 14762 | Orc:1    | Killed Maurice
 14801 | Orc:1    | Found a runed translucent gate.
 14802 | Orc:1    | Found a runed translucent gate.
 14803 | Orc:1    | Found a runed translucent gate.
 14805 | Orc:1    | Noticed Rumaargh's ghost (journeyman NaFE)
 14864 | Orc:1    | Reached XP level 14. HP: 124/137 MP: 13/13
 15408 | Orc:2    | Entered Level 2 of the Orcish Mines
 15450 | Orc:2    | Noticed an orc warlord
 15486 | Orc:2    | Killed an orc warlord
 15980 | Orc:2    | Found Kitwuc's Antique Armour Emporium.
 16068 | Orc:2    | Found a staircase to the Elven Halls.
 16116 | Orc:2    | Found Tinu's Distillery.
 16185 | Orc:2    | Found Vunev's General Store.
 16264 | Orc:2    | Bought a potion of experience for 700 gold pieces
 16264 | Orc:2    | Reached skill level 17 in Fighting
 16264 | Orc:2    | Reached skill level 1 in Evocations
 16264 | Orc:2    | Reached XP level 15. HP: 147/147 MP: 14/14
 16268 | Orc:2    | Bought a box of beasts for 560 gold pieces
 16268 | Orc:2    | Found Alaleymn's Armour Shop.
 16270 | Orc:2    | Found Haucits's Antique Weapon Shoppe.
 16511 | Lair:1   | Entered Level 1 of the Lair of Beasts
 16794 | Lair:1   | Identified the +0 cloak "Bowkil" {Int+2 Dex+3}
 17643 | Lair:2   | Reached skill level 15 in Shields
 17869 | Lair:2   | Found a dark tunnel.
 17948 | Volcano  | Entered a volcano
 18833 | Lair:3   | Reached skill level 18 in Fighting
 18887 | Lair:3   | Found a staircase to the Snake Pit.
 19034 | Lair:3   | Identified the +3 ring mail "Muin" {-Tele Rampage rElec
                  | Regen+}
 19694 | Lair:4   | Reached XP level 16. HP: 154/158 MP: 15/15
 20279 | Lair:4   | Upgraded the game from 0.30-a0-965-g42e074c17a to
                  | 0.30-a0-972-gf3ab3527aa
 20492 | Lair:5   | Entered Level 5 of the Lair of Beasts
 21256 | Lair:5   | Reached skill level 19 in Fighting
 21983 | Lair:5   | Found a runed translucent gate.
 21984 | Lair:5   | Found a runed translucent gate.
 21985 | Lair:5   | Found a runed translucent gate.
 21985 | Lair:5   | Noticed an acid blob
 21988 | Lair:5   | Found a viscous altar of Jiyva.
 21988 | Lair:5   | Noticed voltaire321's ghost (journeyman MfIE)
 22578 | Shoals:1 | Entered Level 1 of the Shoals
 23254 | Shoals:1 | Noticed a kraken
 23270 | Shoals:1 | Killed a kraken
 24522 | Shoals:3 | Noticed Bai Suzhen
 24728 | Shoals:3 | Noticed a kraken
 24742 | Shoals:3 | Killed a kraken
 24825 | Shoals:3 | Noticed a kraken
 24838 | Shoals:3 | Killed a kraken
 25005 | Shoals:4 | Entered Level 4 of the Shoals
 25540 | Shoals:4 | Reached skill level 20 in Fighting
 25592 | Shoals:4 | Reached XP level 17. HP: 170/170 MP: 16/16
 25878 | Shoals:4 | Got Xaahich's Folio of Dislocation and Changing
 25948 | Shoals:4 | Identified the staff of conjuration "Sepha" {Str+3}
 26053 | Shoals:4 | Reached skill level 5 in Evocations
 26357 | Shoals:4 | Got a barnacled rune of Zot
 26430 | Shoals:3 | Killed Bai Suzhen
 26955 | Snake:1  | Entered Level 1 of the Snake Pit
 28796 | Snake:2  | Noticed Jorgrun
 28809 | Snake:2  | Killed Jorgrun
 29077 | Snake:2  | Reached skill level 10 in Evocations
 29673 | Snake:2  | You fall into a shaft and drop 1 floor!
 29695 | Snake:3  | Identified the +4 robe of the Endless Expanse {Str+6 Int-3
                  | Dex+3 Stlth+}
 30014 | Snake:2  | You fall into a shaft and drop 1 floor!
 30095 | Snake:3  | HP: 5/170 [shock serpent/bolt of electricity (7)]
 30101 | Snake:3  | HP: 3/170 [shock serpent (13)]
 30109 | Snake:2  | HP: 2/170 [shock serpent/electric aura (22)]
 30775 | Snake:3  | Reached XP level 18. HP: 178/178 MP: 13/17
 30927 | Snake:3  | Found a hazy altar of Hepliaklqana.
 31445 | Snake:4  | Entered Level 4 of the Snake Pit
 31445 | Snake:4  | Noticed FexLirch's ghost (adept MeEE)
 31445 | Snake:4  | Found a runed translucent door.
 31453 | Snake:4  | Noticed Saint Roka
 31482 | Snake:4  | Killed Saint Roka
 32761 | Snake:4  | Got a serpentine rune of Zot
 32837 | Snake:4  | Found Yluurph Juthri's General Store.
 32869 | Snake:4  | Bought a box of beasts for 760 gold pieces
 33217 | Snake:4  | Noticed Louise
 33234 | Snake:4  | Killed Louise
 33823 | Vaults:1 | Entered Level 1 of the Vaults
 34165 | Vaults:1 | Reached skill level 21 in Fighting
 34624 | Vaults:1 | Reached XP level 19. HP: 189/189 MP: 18/18
 34721 | Vaults:1 | Reached skill level 15 in Armour
 35898 | Vaults:2 | Found Jikawk's Magic Scroll Shop.
 37147 | Vaults:2 | a shadow dragon changed into a caustic shrike
 37147 | Vaults:2 | Noticed a caustic shrike (glowing shapeshifter)
 37150 | Vaults:2 | a caustic shrike changed into a golden dragon
 37150 | Vaults:2 | Noticed a golden dragon (glowing shapeshifter)
 37154 | Vaults:2 | a golden dragon changed into an iron giant
 37154 | Vaults:2 | Noticed an iron giant (glowing shapeshifter)
 37234 | Vaults:3 | Reached skill level 22 in Fighting
 37413 | Vaults:3 | Identified the +0 arbalest of the Slashing Gods {speed,
                  | *Slow rN+++ Str-2 Int+6}
 37584 | Vaults:3 | Identified the +7 scale mail of Ushreps {Will+ Int+3}
 37686 | Vaults:3 | Identified the +7 dagger of Rucziuse {vamp, rElec Int+3
                  | Dex+5}
 38223 | Vaults:3 | Found a staircase to the Crypt.
 39230 | Vaults:4 | Reached XP level 20. HP: 152/202 MP: 19/19
 39441 | Vaults:4 | Noticed Donald
 39451 | Vaults:4 | Killed Donald
 40137 | Vaults:5 | Entered Level 5 of the Vaults
 40152 | Vaults:5 | Noticed an ancient lich
 40161 | Vaults:5 | Noticed an ancient lich
 40164 | Vaults:5 | HP: 8/202 [titan/bolt of lightning (21)]
 40164 | Vaults:5 | Killed from afar by a storm dragon

Illustrated notes

Levels and vault maps discovered:
D:1:      doesnt_arrival_eight_statues, layout_basic, serial_shops,
          nicolae_shop_advertising_works [nicolae_subvault_shop_adworks], shop,
          nicolae_lakefront_shop, shop, shop,
          shapermc_ecumenical_altar_notcrosses
D:2:      minmay_spotlight, layout_basic, basic_altar
D:3:      layout_loops_cross, st_stairs_7
D:4:      layout_basic, nicolae_qazlal_style_of_elements,
          gup_ossuary_entry_pyramid, uniq_eustachio, uniq_natasha, uniq_pikel,
          uniq_duvessa
D:5:      layout_rooms, xom_redecorated, minmay_temple_entry_mini_moons,
          uniq_sigmund, uniq_menkaure, uniq_blork_the_orc
D:6:      cheibrodos_two_vegetables, layout_gridville
D:7:      layout_loops_ring, ashenzari_conservatory_becter,
          dancing_weapons_uskayaw, nicolae_yredelemnul_ghost_church,
          mainiacjoe_overflow_large_starburst, water_boxes_lemuel
D:8:      layout_basic, lemuel_round_altar, serial_undead, serial_undead_f,
          serial_undead_c, serial_undead_b, serial_undead_e, grunt_tough_drop,
          uniq_erica
D:9:      layout_basic, vehumet_statue, orc_0_dummy, grunt_decor_arrowhead
D:10:     layout_big_octagon, uniq_lodul, uniq_maggie, uniq_snorg, uniq_erolcha,
          uniq_urug
D:11:     layout_roguey, lair_entry_dummy, gammafunk_ghost_abyssal_escape,
          fungi_pond_lemuel, nicolae_stop_n_shop_2
D:12:     layout_cave_pools
D:13:     layout_cave_pods, erik_vaults_2, serial_column_ruins,
          column_ruins_hut_ruined, column_ruins_columns_straight,
          column_ruins_open_tiny, column_ruins_grid_1
D:14:     wad_pebble_path, layout_basic, infiniplex_staircase_star, serial_ice,
          serial_ice_h, serial_ice_c, serial_ice_f, serial_ice_b, serial_ice_a,
          serial_ice_n, serial_ice_i, portal_ice_cave_entry_pillars_four
D:15:     grunt_enter_depths_giant_problem, layout_basic, uniq_josephine
Temple:   oiseaux_autumnal_temple
Lair:1:   layout_chaotic_city, serial_bayou_shore_a, lemuel_fruit_tree
Lair:2:   layout_regular_city, nicolae_shoals_entry_flooding,
          lightli_volcano_entry_magma_tube, serial_bayou_pond_c,
          grunt_megastairs_4
Lair:3:   layout_regular_city, minmay_snake_entry_six_corridors,
          chequers_serial_rivers_large_a, infiniplex_staircase_pool_2
Lair:4:   layout_gridlike, wad_woods_road_01, serial_bayou_shore_b
Lair:5:   due_jungle_book, layout_small_grid, minmay_slime_entry_oklob_open,
          gammafunk_ghost_ooze
Shoals:1: layout_shoals, hangedman_shoals_cup_caves
Shoals:2: layout_shoals
Shoals:3: layout_shoals, uniq_bai_suzhen
Shoals:4: shoals_end_simple, layout_shoals
Snake:1:  layout_chambers
Snake:2:  layout_rooms, grunt_ministairs_1, uniq_jorgrun
Snake:3:  layout_misc_corridors, basic_altar, grunt_megastairs_2
Snake:4:  grunt_snake_rune_pools, layout_cave_town, serial_shops, shop,
          hellmonk_ghost_happy_afterlife, abandoned_shop, uniq_louise,
          uniq_saint_roka
Orc:1:    layout_caves, gammafunk_ghost_split, serial_shops, shop,
          uniq_gastronok, uniq_maurice
Orc:2:    st_orc_elflike, layout_caves, serial_shops, shop
Vaults:1: vaults_room_door_hall, serial_ice_b, nicolae_vaults_network_square,
          v_rooms_3, nicolae_vaults_three_branches, v_misc_12,
          nicolae_vaults_little_squares_5, v_misc_16, vaults_dpeg_diagonal,
          ontoclasm_vaults_decontamination, layout_vaults_omnibox
Vaults:2: mu_enter_wizlab_3, nicolae_vaults_big_ls,
          nicolae_vaults_little_squares_6, v_pattern_5, ontoclasm_vaults_hangar,
          hangedman_vaults_pinch, v_rooms_6, nicolae_vaults_specimen_jars,
          nicolae_vaults_little_squares_4, grunt_vaults_diagonal,
          vaults_room_door_hall, vaults_room_boxed, layout_vaults_omnicross,
          serial_shops, nicolae_lakefront_shop
Vaults:3: nicolae_vaults_what_the_h, vaults_room_ringed_pool, vaults_dpeg_doors,
          nicolae_vaults_shelves_hall, v_misc_11,
          nicolae_vaults_yaktaur_gun_rack, ontoclasm_vaults_fault,
          nicolae_vaults_little_squares_4, grunt_vaults_focal,
          layout_vaults_quadrants, minmay_crypt_entry_simple_round
Vaults:4: nicolae_vaults_network_barrier, nicolae_vaults_stairing_the_circle,
          nicolae_vaults_windows_and_doors_thing, nicolae_vaults_shelves_hall,
          v_misc_16, v_rooms_4, vaults_room_fancy_cross,
          nicolae_vaults_little_ls, v_misc_12, vaults_room_corners,
          layout_vaults_big_room, uniq_donald
Vaults:5: serial_shops

Skill      XL: |  1  2  3  4  5  6  7  8  9 10 11 12 13 14 15 16 17 18 19 20 |
---------------+-------------------------------------------------------------+-----
Armour         | 4 5 6 8 9 10 11 12 13 14 15 16 | 16.2
Shields        | 4 5 6 7 9 11 13 14 16 18 19 20 | 20.4
Fighting       | 4 5 6 7 9 12 14 16 17 18 20 21 22 | 22.9
Axes           | 3 4 5 8 10 12 14 15 16 17 18 19 20 21 | 21.4
Dodging        | 1 2 |  2.3
Stealth        | 1 |  1.2
Evocations     | 1 11 13 14 | 14.0

Action                     |  1- 3 |  4- 6 |  7- 9 | 10-12 | 13-15 | 16-18 | 19-21 || total
---------------------------+-------+-------+-------+-------+-------+-------+-------++-------
  Melee: War axe           |   103 |    56 |   184 |   340 |   627 |  1177 |   371 ||  2858
         Headbutt          |    10 |    11 |    32 |    77 |   154 |   323 |   105 ||   712
 Invoke: Bribe Branch      |       |       |       |       |       |     2 |       ||     2
  Evoke: Wand              |       |       |       |     6 |       |     5 |     1 ||    12
    Use: Scroll            |       |     3 |    12 |     1 |    16 |    14 |     2 ||    48
         Potion            |       |       |       |       |     1 |     6 |     2 ||     9
   Stab: Distracted        |       |       |       |     2 |     4 |     6 |    10 ||    22
 Armour: Scale mail        |    47 |     5 |       |       |       |       |       ||    52
         Chain mail        |       |    39 |   120 |   206 |   302 |   571 |   104 ||  1342
  Dodge: Dodged            |    49 |    23 |    63 |   116 |   148 |   262 |    60 ||   721
  Block: Buckler           |    24 |    12 |    52 |   122 |    15 |       |       ||   225
         Kite shield       |       |       |       |       |   358 |   625 |       ||   983
         Tower shield      |       |       |       |       |       |   475 |   298 ||   773

Table legend: (Time is in decaauts)
 A = Elapsed time spent in this place.
 B = Non-inter-level travel time spent in this place.
 C = Inter-level travel time spent in this place.
 D = Time resting spent in this place.
 E = Time spent auto-exploring this place.
 F = Levels seen in this place.
 G = Mean time per level.
                   A        B        C        D        E       F      G
               +--------+--------+--------+--------+--------+-----+--------+
         Total |  42208 |  40168 |   2040 |   7077 |  20941 |  37 | 1140.8 |
       Dungeon |  15285 |  14299 |    986 |   2483 |   8526 |  15 | 1019.0 |
        Temple |    182 |    170 |     12 |      0 |     99 |   1 |  182.0 |
          Lair |   6302 |   5939 |    363 |    267 |   3688 |   5 | 1260.4 |
        Shoals |   4891 |   4713 |    178 |   1067 |   1841 |   4 | 1222.8 |
     Snake Pit |   6905 |   6731 |    174 |   2250 |   2276 |   4 | 1726.2 |
  Orcish Mines |   1710 |   1640 |     70 |    371 |    838 |   2 |  855.0 |
        Vaults |   6610 |   6354 |    256 |    636 |   3466 |   5 | 1322.0 |
       Volcano |    320 |    320 |      0 |      1 |    204 |   1 |  320.0 |
               +--------+--------+--------+--------+--------+-----+--------+

Top non-repeatable levels by time:
 Snake:2: 2258 daAuts
 Snake:4: 2128 daAuts
  Lair:5: 2068 daAuts
Vaults:1: 1910 daAuts
Vaults:3: 1676 daAuts
Vaults:2: 1652 daAuts
 Snake:1: 1551 daAuts
Shoals:4: 1551 daAuts
    D:13: 1499 daAuts
     D:6: 1469 daAuts
     D:7: 1463 daAuts
Shoals:1: 1423 daAuts
Vaults:4: 1347 daAuts
    D:14: 1253 daAuts
   Orc:1: 1129 daAuts
